 Dungeon Crawl Stone Soup version 0.30.1-9-gdf580d7c3d (webtiles) character file.

Game seed: 16699877028403730806

70114 KittyFluff the Tortoise (level 15, 0/144 HPs)
             Began as a Gargoyle Berserker on Oct 8, 2023.
             Was the Champion of Trog.
             Slain by a sixfirhy (2 damage)
             ... summoned by Frances
             ... on level 14 of the Dungeon.
             The game lasted 01:50:05 (16975 turns).

KittyFluff the Tortoise (Gargoyle Berserker)       Turns: 16975, Time: 01:50:06

Health: 0/144      AC: 36    Str: 35      XL:     15   Next: 32%
Magic:  15/15      EV: 12    Int:  5 (9)  God:    Trog [******]
Gold:   1042       SH:  7    Dex: 13      Spells: 14/14 levels left

rFire   + . .        t - +0 morningstar (heavy)
rCold   . . .        m - +2 buckler {rF+}
rNeg    + + .        M - +0 plate armour {rN+}
rPois   ∞            J - +0 helmet
rElec   +            a - +0 cloak of the Everdark {+Blink}
rCorr   .            U - +3 pair of gauntlets of War {Slay+5}
SInv    .            (no boots)
Will    +....        I - amulet of regeneration Stlth
                     d - +6 ring of strength
HPRegen 1.24/turn    S - +6 ring of strength
MPRegen 0.14/turn

%: no passive effects
@: berserking, flying, studying Dodging, very quick
A: sickness immunity, AC +11, big wings, negative energy resistance 1,
electricity resistance, torment resistance 1, petrification resistance
a: Renounce Religion, Evoke Blink, Berserk, Trog's Hand, Brothers in Arms


You were on level 14 of the Dungeon.
You worshipped Trog.
Trog was exalted by your worship.
You visited 2 branches of the dungeon, and saw 19 of its levels.
You also visited: Ossuary and Gauntlet.

You collected 1321 gold pieces.
You spent 279 gold pieces at shops.

Inventory:

Hand Weapons
 b - a +5 eveningstar of flaming
 e - the +4 morningstar "Impslayer" {venom, rC+ Int+5}
   (You found it in a Gauntlet)

   Int:       It affects your intelligence (+5).
   rC:        It protects you from cold.
 n - a +0 sling
 t - a +0 heavy morningstar (weapon)
Missiles
 c - 9 datura-tipped darts (quivered)
 g - 2 boomerangs
 k - 4 throwing nets
 q - 4 silver javelins
 x - 3 javelins
 A - 4 atropa-tipped darts
 B - 5 curare-tipped darts
 F - 50 poisoned darts
Armour
 a - the +0 cloak of the Everdark (worn) {+Blink}
   (You found it in a Gauntlet)

   +Blink:    It lets you blink.
 m - a +2 buckler of fire resistance (worn)
 u - an orb of mayhem
 E - a scarf of resistance
 J - a +0 helmet (worn)
 M - a +0 plate armour of positive energy (worn)
 P - a +1 chain mail of fire resistance
 R - a +1 scale mail of cold resistance
 U - the +3 pair of gauntlets of War (worn) {Slay+5}
   (You found it on level 1 of the Lair of Beasts)

   Slay:      It affects your accuracy & damage with ranged weapons and melee
   (+5).
 Y - a +2 cloak of preservation
Jewellery
 d - a +6 ring of strength (left hand)
 r - a +5 ring of evasion
 D - a +6 ring of dexterity
 I - an amulet of regeneration (around neck)
 S - a +6 ring of strength (right hand)
Wands
 v - a wand of paralysis (17)
 z - a wand of iceblast (15)
 N - a wand of flame (17)
 Q - a wand of light (4)
 X - a wand of digging (16)
 Z - a wand of mindburst (5)
Scrolls
 h - 3 scrolls of poison
 j - a scroll of fear
 o - 5 scrolls of silence
 p - 3 scrolls of fog
 w - 4 scrolls of enchant weapon
 y - 3 scrolls of summoning
 C - 6 scrolls of enchant armour
 G - a scroll of blinking
 H - 16 scrolls of teleportation
 L - 4 scrolls of magic mapping
Potions
 f - 2 potions of attraction
 i - 6 potions of heal wounds
 l - 8 potions of curing
 s - 2 potions of invisibility
 K - 6 potions of mutation
 O - a potion of ambrosia
 V - 2 potions of haste
 W - 2 potions of resistance
Miscellaneous
 T - a phantom mirror


   Skills:
 + Level 12.1 Fighting
 * Level 15.2 Maces & Flails
 * Level 16.4 Armour
 + Level 9.5 Dodging
 + Level 5.6 Shields
 + Level 4.7 Evocations


You had 14 spell levels left.
You didn't know any spells.
Your spell library was empty.

Dungeon Overview and Level Annotations

Branches:
Dungeon (14/15)            Temple (0/1) D:5            Lair (5/5) D:11
  Swamp (0/4) Lair:2        Snake (0/4) Lair:2        Slime (0/5) Lair:5
    Orc (0/2) D:11        Ossuary (visited)         Gauntlet (visited)
 Vaults: D:13-14

Altars:
Ashenzari
Elyvilon
Fedhas
Kikubaaqudgha
Makhleb
Qazlal
Sif Muna
Trog
Uskayaw
Vehumet
Xom
Yredelemnul
Zin
The Shining One
Jiyva

Shops:
D:1 ?   D:7 !   D:9 *

Portals:
Abyss: D:13

Annotations:
D:11 1 runed translucent door
D:14 Frances
Lair:5 1 runed translucent door


Innate Abilities, Weirdness & Mutations

You are immune to sickness and miasma.
Your stone body is resilient. (AC +11)
You are immune to poison.
Your large and strong wings let you fly.
You resist negative energy. (rN+)
You are resistant to electric shocks. (rElec)
You are resistant to unholy torment.
You are immune to petrification.


Message History

You block Frances's attack.
The sixfirhy hits you but does no damage.
You closely miss Frances.
Frances is severely wounded.
The sixfirhy hits you but does no damage.
The sixfirhy barely misses you. The sixfirhy completely misses you.
Frances chants phrases taken from a devil's mouth.
The iron shot misses you. The sixfirhy closely misses you.
Frances hits you but does no damage. You block the sixfirhy's attack.
You closely miss Frances.
Frances is severely wounded.
The sixfirhy hits you but does no damage.
You block the sixfirhy's attack. Frances barely misses you.
The neqoxec gestures at you.
You feel dopey. Something feeds on your intellect!
You block the sixfirhy's attack.
Frances whispers indecipherable words.
The shard of ice hits you!!
You barely miss Frances.
Frances is severely wounded.
The sixfirhy barely misses you.
The sixfirhy hits you but does no damage. x2
You block the sixfirhy's attack. Frances completely misses you.
The sixfirhy hits you.
* * * LOW HITPOINT WARNING * * *
The sixfirhy shocks you. You resist.
* * * LOW HITPOINT WARNING * * *
A red film seems to cover your vision as you go berserk!
You feel yourself moving faster!
You feel mighty! The sixfirhy misses you. The sixfirhy barely misses you.
Frances whispers indecipherable words.
The iron shot hits you!!
* * * LOW HITPOINT WARNING * * *
You block the sixfirhy's attack. Frances hits you with a +0 scimitar!
* * * LOW HITPOINT WARNING * * *
You bludgeon Frances!!
Frances is almost dead.
The sixfirhy hits you but does no damage.
The sixfirhy hits you.
You die...

..### #.... #....#####
#....#...# #....#...#
#....#...# #######
#...@3...# #.....#
#...3@...### #.....#
#...3......####..<..#
+....#........#.....#
+..###...###..#.....##
+.. #...# #.........#
#. #...# #..#...>... #
######...........
#.##......#. ...
#......#.


You could see Frances (fast), 2 sixfirhies and a neqoxec (summoned).

Vanquished Creatures
  Jorgrun (D:12)
  2 very ugly things (D:13)
  Azrael (D:12)
  A minotaur (Gauntlet)
  The ghost of Wovuits the Imperceptible, a journeyman SpEn of Gozag (D:13)
  3 dire elephants (Lair:5)
  Josephine (D:12)
  A hydra (Lair:3)
  A rakshasa (D:13)
  An ogre mage (D:14)
  Harold (Lair:2)
  A catoblepas (Lair:2)
  A centaur warrior (D:13)
  5 boulder beetles
  A death yak (Lair:3)
  5 two-headed ogres
  Urug (Lair:5)
  Sonja (D:12)
  6 skysharks
  5 large abominations
  A fire crab (Lair:4)
  2 spectral death yaks (Lair:5)
  A spectral anaconda (Lair:5)
  An obsidian statue (Lair:5)
  A death drake (shapeshifter) (D:13)
  A wizard (D:13)
  2 lindwurms
  3 necromancers (Lair:5)
  A wolf spider (Lair:1)
  An ugly thing (D:13)
  A manticore (D:14)
  10 elephants
  4 cyclopes
  A slime creature (Gauntlet)
  4 black mambas
  A dire elephant zombie (Lair:5)
  2 gargoyles
  12 cane toads
  An unseen horror (D:12)
  Maggie (D:7)
  2 efreet
  A rime drake (D:11)
  6 komodo dragons
  5 trolls
  2 polar bears
  Prince Ribbit (D:7)
  Grinder (D:4)
  A hornet (D:11)
  11 blink frogs
  7 wraiths
  A shadow (D:9)
  3 wyverns
  39 yaks
  2 vampires
  9 fire elementals
  Eustachio (D:6)
  A death yak simulacrum (Lair:5)
  16 vampire mosquitoes
  Menkaure (D:6)
  2 spectral cane toads (Lair:5)
  A naga (Lair:2)
  2 acid dragons
  4 hell hounds
  16 water moccasins
  Duvessa (D:7)
  2 sky beasts
  2 black bears (D:6)
  An elephant zombie (Lair:5)
  5 ice beasts (D:11)
  4 ogres (D:14)
  6 orc warriors
  Pargi (D:4)
  22 wolves
  A centaur (D:8)
  2 elephant skeletons (Lair:5)
  2 phantoms
  The ghost of PerfectTommy the Shooter, an amateur DEHs (D:4)
  4 kobold brigands
  An elf zombie (Ossuary)
  A wyvern zombie (D:5)
  6 bullfrogs
  A scorpion (D:4)
  3 small abominations (Gauntlet)
  4 gnoll sergeants
  A water moccasin zombie (D:5)
  3 cane toad simulacra (Lair:5)
  5 wights (D:8)
  Dowan (D:7)
  5 killer bees (D:11)
  2 elephant simulacra (Lair:5)
  An electric eel (Lair:4)
  4 howler monkeys
  A centaur zombie (Ossuary)
  2 bullfrog zombies (D:5)
  4 hounds
  3 human zombies (Ossuary)
  5 orc priests
  A gnoll bouda (D:8)
  6 jellies
  A sleepcap (D:7)
  Jessica (D:2)
  2 iguanas (D:4)
  A scorpion zombie (D:5)
  Natasha (thrice) (D:4)
  19 orc wizards
  3 hound zombies (Ossuary)
  3 mummies (Ossuary)
  A howler monkey zombie (D:5)
  31 gnolls
  4 adders
  3 white imps
  2 ufetubi (D:4)
  4 adder zombies (Ossuary)
  2 worms
  3 dart slugs
  57 orcs
  4 ball pythons
  3 bats
  10 endoplasms
  2 giant cockroaches (D:2)
  7 goblins
  10 hobgoblins
  4 jackals
  3 quokkas
  3 frilled lizards
  A goblin zombie (Ossuary)
  4 hobgoblin zombies (Ossuary)
  2 jackal zombies (Ossuary)
  36 kobolds
  7 kobold zombies (Ossuary)
  2 orc zombies (Ossuary)
  4 quokka zombies (Ossuary)
  3 rats
  2 rat zombies (Ossuary)
587 creatures vanquished.

Vanquished Creatures (others)
  An orc (D:11)
1 creature vanquished.

Grand Total: 588 creatures vanquished

Notes
Turn   | Place    | Note
-------+----------+-------------------------------------------
     0 | D:1      | KittyFluff the Gargoyle Berserker began the quest for the
                  | Orb.
     0 | D:1      | Reached XP level 1. HP: 14/14 MP: 1/1
   177 | D:1      | Found Zaschap's Magic Scroll Emporium.
   245 | D:1      | Reached XP level 2. HP: 19/19 MP: 2/2
   253 | D:1      | Found a faded altar of an unknown god.
   528 | D:1      | Bought a scroll of teleportation for 39 gold pieces
   528 | D:1      | Bought a scroll of identify for 26 gold pieces
   587 | D:2      | Noticed Jessica
   600 | D:2      | Killed Jessica
   601 | D:2      | Reached skill level 3 in Armour
   601 | D:2      | Reached XP level 3. HP: 19/23 MP: 3/3
   778 | D:2      | Reached XP level 4. HP: 27/28 MP: 4/4
   809 | D:2      | Reached ** piety under Trog
   898 | D:2      | Identified the +6 hand axe of Tuxkidgh {freeze, rElec MP+9}
  1248 | D:3      | Reached XP level 5. HP: 7/33 MP: 5/5
  1849 | D:3      | Reached skill level 4 in Armour
  2100 | D:4      | Noticed Natasha
  2105 | D:4      | Killed Natasha
  2106 | D:4      | Reached XP level 6. HP: 30/38 MP: 6/6
  2307 | D:4      | Noticed Grinder
  2329 | D:4      | Paralysed by Grinder for 2 turns
  2333 | D:4      | Paralysed by Grinder for 4 turns
  2341 | D:4      | Killed Grinder
  2342 | D:4      | Reached skill level 5 in Maces & Flails
  2342 | D:4      | Reached skill level 5 in Armour
  2342 | D:4      | Reached XP level 7. HP: 42/44 MP: 7/7
  2407 | D:4      | Found a large runed translucent door.
  2407 | D:4      | Found a large runed translucent door.
  2410 | D:4      | Noticed PerfectTommy's ghost (amateur DEHs)
  2418 | D:4      | Killed PerfectTommy's ghost
  2497 | D:4      | Reached *** piety under Trog
  2521 | D:4      | Noticed Natasha
  2526 | D:4      | Noticed Pargi
  2536 | D:4      | Killed Natasha
  2540 | D:4      | Killed Pargi
  2541 | D:4      | Reached skill level 5 in Fighting
  2642 | D:4      | Noticed Natasha
  2660 | D:4      | Killed Natasha
  2663 | D:4      | Reached XP level 8. HP: 40/49 MP: 8/8
  2897 | D:5      | Entered Level 5 of the Dungeon
  2918 | D:4      | Reached skill level 6 in Armour
  3277 | D:5      | Found a bloodstained altar of Trog.
  3655 | D:5      | Found a staircase to the Ecumenical Temple.
  3798 | D:5      | Reached skill level 7 in Armour
  3830 | D:5      | Found a basalt altar of Yredelemnul.
  3986 | D:6      | Found a burning altar of Makhleb.
  4036 | D:6      | Reached XP level 9. HP: 55/55 MP: 9/9
  4230 | D:6      | Noticed Menkaure
  4237 | D:6      | Killed Menkaure
  4305 | D:6      | Reached **** piety under Trog
  4336 | D:6      | Reached skill level 8 in Armour
  4340 | D:6      | Noticed Eustachio
  4347 | D:6      | Found a sand-covered staircase.
  4352 | Ossuary  | Entered an ossuary
  4713 | Ossuary  | Reached ***** piety under Trog
  4770 | D:6      | Killed Eustachio
  5145 | D:6      | Found a hide-covered altar of Uskayaw.
  5552 | D:7      | Noticed Maggie
  5568 | D:7      | Killed Maggie
  5662 | D:7      | Noticed Duvessa
  5677 | D:7      | Killed Duvessa
  5679 | D:7      | Noticed Dowan
  5693 | D:7      | Killed Dowan
  5697 | D:7      | Found Qoarr's Distillery.
  5762 | D:7      | Found a shimmering altar of Xom.
  5762 | D:7      | Found a shimmering altar of Xom.
  5765 | D:7      | Found a shimmering altar of Xom.
  5765 | D:7      | Found a shimmering altar of Xom.
  5765 | D:7      | Found a shimmering altar of Xom.
  5765 | D:7      | Found a shimmering altar of Xom.
  5765 | D:7      | Found a shimmering altar of Xom.
  5765 | D:7      | Found a shimmering altar of Xom.
  5804 | D:7      | Found a shimmering blue altar of Sif Muna.
  5870 | D:7      | Noticed Prince Ribbit
  5896 | D:7      | Killed Prince Ribbit
  5897 | D:7      | Reached skill level 9 in Armour
  5897 | D:7      | Reached XP level 10. HP: 61/61 MP: 10/10
  5954 | D:7      | Reached skill level 5 in Dodging
  5965 | D:7      | Found a stormy altar of Qazlal.
  6090 | D:7      | Found an ancient bone altar of Kikubaaqudgha.
  6274 | D:8      | Found a blossoming altar of Fedhas.
  6701 | D:8      | Noticed a two-headed ogre
  6718 | D:8      | Killed a two-headed ogre
  6719 | D:8      | Reached skill level 10 in Armour
  7210 | D:9      | Found Loiwirum's General Store.
  7214 | D:9      | Bought a +1 cloak of preservation for 214 gold pieces
  7435 | D:9      | Found a broken altar of Ashenzari.
  7435 | D:9      | Found a radiant altar of Vehumet.
  7513 | D:10     | Entered Level 10 of the Dungeon
  7664 | D:10     | Reached skill level 10 in Maces & Flails
  7664 | D:10     | Reached XP level 11. HP: 68/68 MP: 11/11
  7679 | D:10     | Noticed a two-headed ogre
  7688 | D:10     | Killed a two-headed ogre
  8105 | D:10     | Found a white marble altar of Elyvilon.
  8105 | D:10     | Found a glowing silver altar of Zin.
  8105 | D:10     | Found a glowing golden altar of the Shining One.
  8321 | D:11     | Reached skill level 11 in Armour
  8426 | D:11     | Received a gift from Trog
  8507 | D:11     | Found a staircase to the Orcish Mines.
  8938 | D:11     | Noticed an orc knight
  8938 | D:11     | Noticed a brown ugly thing
  8939 | D:11     | Noticed a deep elf knight
  8939 | D:11     | Noticed a boulder beetle
  8941 | D:11     | Noticed a manticore
  8943 | D:11     | Noticed a cyclops
  8944 | D:11     | Found a runed translucent door.
  8966 | D:11     | Reached ****** piety under Trog
  9013 | D:11     | Found a staircase to the Lair.
  9221 | Lair:1   | Entered Level 1 of the Lair of Beasts
  9221 | Lair:1   | Found the +3 pair of gauntlets of War {Slay+5}
  9298 | Lair:1   | Reached skill level 12 in Armour
  9402 | Lair:1   | Found a hide-covered altar of Uskayaw.
  9416 | Lair:1   | Noticed a boulder beetle
  9461 | Lair:1   | Killed a boulder beetle
  9462 | Lair:1   | Reached XP level 12. HP: 48/76 MP: 12/12
  9508 | Lair:1   | Found a transporter.
  9508 | Lair:1   | Found a transporter.
  9511 | Lair:1   | Noticed a boulder beetle
  9699 | Lair:1   | Noticed a boulder beetle
  9726 | Lair:1   | Killed a boulder beetle
  9736 | Lair:1   | Killed a boulder beetle
  9990 | Lair:2   | Found a staircase to the Swamp.
 10016 | Lair:2   | Found a staircase to the Snake Pit.
 10085 | Lair:2   | Received a gift from Trog
 10154 | Lair:1   | Reached skill level 13 in Armour
 10260 | Lair:2   | Noticed a catoblepas
 10278 | Lair:2   | Killed a catoblepas
 10497 | Lair:2   | Noticed Harold
 10517 | Lair:2   | Killed Harold
 10518 | Lair:2   | Reached skill level 10 in Fighting
 10907 | Lair:3   | Noticed a skyshark
 10918 | Lair:3   | Killed a skyshark
 10952 | Lair:3   | Noticed a death yak
 10955 | Lair:3   | Noticed a skyshark
 10974 | Lair:3   | Killed a death yak
 10995 | Lair:3   | Reached XP level 13. HP: 68/82 MP: 13/13
 11115 | Lair:3   | Reached skill level 14 in Armour
 11163 | Lair:3   | Found a gate leading to a gauntlet.
 11193 | Gauntlet | Entered a Gauntlet
 11193 | Gauntlet | Found a transporter.
 11197 | Gauntlet | Found a transporter.
 11199 | Gauntlet | Found a transporter.
 11214 | Gauntlet | Found a transporter.
 11216 | Gauntlet | Found a transporter.
 11220 | Gauntlet | Noticed an entropy weaver
 11229 | Gauntlet | Found a transporter.
 11246 | Gauntlet | Found a transporter.
 11255 | Gauntlet | Found a runed translucent door.
 11256 | Gauntlet | Found a transporter.
 11256 | Gauntlet | Found the +7 Spriggan's Knife {stab, EV+4 Stlth+}
 11257 | Gauntlet | Found a runed translucent door.
 11266 | Gauntlet | Found a transporter.
 11281 | Gauntlet | Found a transporter.
 11291 | Gauntlet | Found a transporter.
 11296 | Gauntlet | Found a transporter.
 11497 | Gauntlet | Found a transporter.
 11532 | Gauntlet | Identified the +0 cloak of the Everdark {+Blink}
 11594 | Gauntlet | Identified the +4 morningstar "Impslayer" {venom, rC+
                  | Int+5}
 11639 | Gauntlet | Identified the +2 great sword "Vuluas" {pain, Drain rC++
                  | rN+ Dex+4}
 11639 | Gauntlet | Noticed a minotaur
 11661 | Gauntlet | Killed a minotaur
 11798 | Gauntlet | Identified the +0 chain mail "Ciohax" {Int+4}
 12484 | Lair:4   | Received a gift from Trog
 12485 | Lair:4   | Reached skill level 1 in Shields
 12574 | Lair:4   | Reached skill level 1 in Evocations
 12826 | Lair:5   | Entered Level 5 of the Lair of Beasts
 12914 | Lair:5   | Found a runed translucent door.
 12918 | Lair:5   | Found a viscous altar of Jiyva.
 12919 | Lair:5   | Found a staircase to the Slime Pits.
 12919 | Lair:5   | Noticed an azure jelly
 12919 | Lair:5   | Noticed an azure jelly
 13292 | Lair:5   | Reached skill level 15 in Armour
 13292 | Lair:5   | Gained mutation: Your large and strong wings let you fly.
                  | [Gargoyle growth]
 13292 | Lair:5   | Reached XP level 14. HP: 46/90 MP: 14/14
 13435 | Lair:5   | Noticed Urug
 13445 | Lair:5   | Killed Urug
 13860 | Lair:5   | Noticed a dire elephant
 13860 | Lair:5   | Noticed a dire elephant
 13882 | Lair:5   | Noticed a dire elephant
 13883 | Lair:5   | Found the +10 zealot's sword {holy, Zealotry, *Rage rN+
                  | EV+3}
 13983 | Lair:5   | Received a gift from Trog
 14481 | Lair:5   | Killed a dire elephant
 14593 | Lair:5   | Killed a dire elephant
 14624 | Lair:5   | Killed a dire elephant
 14953 | D:12     | Noticed Josephine
 14970 | D:12     | Killed Josephine
 15087 | D:12     | Noticed Azrael
 15109 | D:12     | Killed Azrael
 15407 | D:12     | Noticed Sonja
 15455 | D:12     | Killed Sonja
 15635 | D:12     | Noticed Jorgrun
 15650 | D:12     | Killed Jorgrun
 15651 | D:12     | Reached skill level 16 in Armour
 15966 | D:13     | Reached XP level 15. HP: 96/96 MP: 15/15
 15999 | D:13     | Reached skill level 5 in Shields
 16236 | D:13     | Found a transporter.
 16252 | D:13     | Noticed Wovuits's ghost (journeyman SpEn)
 16302 | D:13     | Found a transporter.
 16319 | D:13     | Found a one-way gate to the infinite horrors of the Abyss.
 16489 | D:13     | Reached skill level 15 in Maces & Flails
 16491 | D:13     | Killed Wovuits's ghost
 16641 | D:13     | Received a gift from Trog
 16962 | D:14     | Noticed Frances
 16974 | D:14     | HP: 2/144 [Frances/+0 scimitar (13)]
 16975 | D:14     | Slain by a sixfirhy

Illustrated notes

Levels and vault maps discovered:
D:1:      dpeg_arrival_long_road, layout_rooms, serial_shops,
          nicolae_shop_behind_doors, nicolae_ecumenical_lake_church
D:2:      layout_rooms, serial_forest, infiniplex_forest_lined_3,
          infiniplex_forest_clump_double, infiniplex_forest_clump_cross,
          infiniplex_forest_clump_tiny, infiniplex_forest_lined_corner,
          infiniplex_forest_clump_C, infiniplex_forest_straight_4, uniq_jessica
D:3:      layout_basic, minmay_door_square
D:4:      wad_crossroads, layout_gridville, ebering_ghost_disaster_area,
          st_stairs_5, uniq_pargi, uniq_grinder, uniq_natasha
D:5:      layout_rooms, trog_book, nicolae_yredelemnul_corpse_copse,
          minmay_temple_entry_tees, kennysheep_generic_room_5
D:6:      cheibrodos_thug_alley, layout_basic, nicolae_uskayaw_suspiria,
          makhleb_heckhound_becter, enter_ossuary_5,
          minmay_a_box_with_orc_wizards_in_it, uniq_eustachio, uniq_menkaure
D:7:      layout_cave_pools, nicolae_sif_muna_condensation,
          nicolae_qazlal_eye_of_the_storm, xom_shifter_show,
          mainiacjoe_overflow_alcove_4, serial_shops, nicolae_shop_peninsula,
          uniq_maggie, uniq_duvessa, uniq_prince_ribbit1
D:8:      layout_cave_pools, fedhas_altar_3, minmay_misc_feat_ornament
D:9:      layout_roguey, gammafunk_temple_overflow_statue, serial_shops,
          nicolae_shop_rolling_square
D:10:     layout_roguey, good_gods_mini_temple, serial_corexii_hall,
          chequers_hall_statues_y, corexii_hall_statues_u
D:11:     layout_basic, hellmonk_lair_entry_icy, hiddenorc2_lemuel,
          minmay_st_funbox
D:12:     layout_long_grid, minmay_quadrilaterals, uniq_azrael, uniq_josephine,
          uniq_jorgrun, uniq_sonja
D:13:     layout_layer_cave, gammafunk_ghost_abyssal_escape
D:14:     layout_rooms, grunt_vaults_entry_tiered, solitary_fountain,
          bh_walls_and_bars, uniq_snorg, uniq_frances
Lair:1:   gammafunk_boulding_lane, layout_misc_corridors, basic_altar,
          grunt_megastairs_2
Lair:2:   layout_regular_city, swamp_mist, guppyfry_snake_entry_island,
          nicolae_lair_run_with_the_wolves, uniq_harold
Lair:3:   layout_gridlike, gauntlet_entry_generic, st_stairs_10,
          grunt_megastairs_3
Lair:4:   layout_misc_corridors, chequers_serial_rivers_micro_a,
          serial_bayou_lagoon_a, amcnicky_mini_pool_medium,
          infiniplex_staircase_pool_2, serial_bayou_shore_a
Lair:5:   due_jungle_book, layout_cave_pods, slime_entry_2, uniq_urug

Skill      XL: |  1  2  3  4  5  6  7  8  9 10 11 12 13 14 15 |
---------------+----------------------------------------------+-----
Armour         | 3 4 5 7 9 10 12 13 15 16 | 16.4
Dodging        | 2 3 4 5 6 7 8 9 |  9.5
Maces & Flails | 4 5 7 8 10 11 12 13 14 15 | 15.2
Fighting       | 4 5 6 8 9 10 11 12 | 12.1
Shields        | 2 4 5 |  5.6
Evocations     | 2 4 |  4.7

Action                     |  1- 3 |  4- 6 |  7- 9 | 10-12 | 13-15 || total
---------------------------+-------+-------+-------+-------+-------++-------
  Melee: Mace              |    86 |    49 |       |       |       ||   135
         Flail             |       |   142 |   572 |   941 |   447 ||  2102
         Punch             |       |     2 |     2 |       |       ||     4
         Eveningstar       |       |       |       |       |   267 ||   267
         Morningstar       |       |       |       |       |    82 ||    82
 Invoke: Berserk           |     1 |     2 |     4 |     2 |     1 ||    10
    Use: Scroll            |       |     2 |     3 |     8 |    12 ||    25
         Potion            |       |       |       |       |     7 ||     7
 Armour: Animal skin       |    28 |     6 |       |       |       ||    34
         Leather armour    |       |    94 |    14 |       |       ||   108
         Troll leather arm |       |       |   249 |   421 |   305 ||   975
         Chain mail        |       |       |       |       |    29 ||    29
         Plate armour      |       |       |       |       |    60 ||    60
  Dodge: Dodged            |    59 |   139 |   400 |   551 |   382 ||  1531
  Block: Buckler           |       |       |       |    70 |   139 ||   209
